 Dungeon Crawl Stone Soup version 0.28-a0-563-gf77a47075d (webtiles) character file.

Game seed: 13153422832853954002

1641 friend the Spear-Bearer (level 8, 49/67 HPs)
             Began as a Merfolk Brigand on Sept 30, 2021.
             Was a Believer of Nemelex Xobeh.
             Quit the game on level 6 of the Dungeon.
             The game lasted 00:15:39 (8914 turns).

friend the Spear-Bearer (Merfolk Brigand)           Turns: 8914, Time: 00:15:40

Health: 49/67      AC:  8    Str: 13    XL:     8   Next: 99%
Magic:  11/11      EV: 10    Int: 11    God:    Nemelex Xobeh [**....]
Gold:   263        SH:  3    Dex: 15    Spells: 7/7 levels left

rFire   . . .      SeeInvis .   k - +0 dagger (venom)
rCold   . . .      Faith    .   E - +0 buckler
rNeg    . . .      Spirit   .   j - +0 ring mail
rPois   +          Reflect  .   v - +0 helmet
rElec   .          Harm     .   c - +0 cloak
rCorr   .          Rampage  .   (no gloves)
Will    +....                   b - +0 pair of boots
Stlth   ++........              (no amulet)
HPRegen 0.21/turn               P - ring of poison resistance
MPRegen 0.12/turn               h - ring of willpower

@: no status effects
A: (nimble swimmer 2), mertail
a: Renounce Religion, Draw Escape, Draw Destruction, Draw Summoning


You were on level 6 of the Dungeon.
You worshipped Nemelex Xobeh.
Nemelex Xobeh was pleased with you.
You visited 2 branches of the dungeon, and saw 7 of its levels.
You also visited: Ossuary.

You collected 263 gold pieces.

Inventory:

Hand Weapons
 a - a +2 dagger
 k - a +0 dagger of venom (weapon)
 r - a +0 trident
 A - a +1 halberd
Missiles
 d - 26 poisoned darts (quivered)
 e - 2 curare-tipped darts
 C - 10 boomerangs
Armour
 b - a +0 pair of boots (worn)
 c - a +0 cloak (worn)
 j - a +0 ring mail (worn)
 p - a +0 plate armour
 v - a +0 helmet (worn)
 E - a +0 buckler (worn)
Jewellery
 h - a ring of willpower (right hand)
 P - a ring of poison resistance (left hand)
Wands
 g - a wand of paralysis (5)
 u - a wand of mindburst (10)
 y - a wand of acid (12)
Scrolls
 i - a scroll of silence {unknown}
 t - 4 scrolls of teleportation
 w - a scroll of summoning {unknown}
 B - 3 scrolls of blinking
 D - a scroll of enchant weapon
 H - a scroll of magic mapping
 I - a scroll of fear {unknown}
 J - a scroll of fog {unknown}
Potions
 f - 3 potions of brilliance
 m - 2 potions of ambrosia
 n - a potion of resistance
 o - a potion of magic {unknown}
 q - 5 potions of curing
 s - a potion of flight
 x - 3 potions of lignification
 z - 2 potions of invisibility
 F - a potion of might {unknown}
 G - 2 potions of berserk rage


   Skills:
 + Level 7.2 Fighting
 - Level 4.0 Short Blades
 - Level 10.0 Polearms
 - Level 3.0 Throwing
 - Level 3.0 Dodging
 - Level 4.3 Stealth
 - Level 4.0 Invocations


You had 7 spell levels left.
You didn't know any spells.
Your spell library contained the following spells:

 Spells                   Type           Power      Damage    Failure   Level
 Foxfire                  Conj/Fire      0%         2x1d4     78%         1
 Conjure Flame            Conj/Fire      0%         6-21      98%         3
 Inner Flame              Hex/Fire       0%         N/A       98%         3
 Ozocubu's Armour         Ice            0%         N/A       98%         3
 Flame Wave               Conj/Fire      0%         3d3       100%        4
 Metabolic Englaciation   Hex/Ice        0%         N/A       100%        5
 Simulacrum               Ice/Necr       0%         N/A       100%        6


Dungeon Overview and Level Annotations

Branches:
Dungeon (6/15)             Temple (1/1) D:4         Ossuary (visited)

Altars:
Ashenzari
Cheibriados
Dithmenos
Elyvilon
Fedhas
Gozag
Hepliaklqana
Kikubaaqudgha
Makhleb
Nemelex Xobeh
Okawaru
Ru
Sif Muna
Trog
Uskayaw
Vehumet
Wu Jian
Xom
Yredelemnul
Zin
The Shining One

Shops:
D:4 :


Innate Abilities, Weirdness & Mutations

((You are quick and stealthy near water. (Stealth+, EV+, Speed+++)))
Your lower body shifts to a powerful aquatic tail in water.


Message History

Your killer bee stings the centaur.
The seven-headed hydra bites your killer bee!
The seven-headed hydra bites your killer bee.
The seven-headed hydra barely misses your killer bee.
The seven-headed hydra bites your killer bee but does no damage.
The seven-headed hydra barely misses your killer bee.
The seven-headed hydra completely misses your killer bee. x2
The centaur misses your killer bee. The centaur kicks your killer bee.
Your killer bee dies!
Your killer bee's corpse disappears in a puff of smoke!
Your killer bee stings the centaur but does no damage.
Okay, then.
Your killer bee stings the centaur but does no damage.
The centaur hits your killer bee.
The centaur closely misses your killer bee.
Your killer bee stings the centaur.
The seven-headed hydra bites your killer bee!
Your killer bee dies!
Your killer bee's corpse disappears in a puff of smoke!
What are your orders? t - Shout!
Orders for allies: a - Attack new target. r - Retreat! s - Stop attacking. g - Guard the area. f - Follow me.
Anything else - Cancel.
Gang up on whom?
Aim: a seven-headed hydra (grey smoke, moderately wounded) Attack!
An arrow appears from out of your range of vision.
The arrow misses your killer bee.
Your killer bee stings the seven-headed hydra!
The seven-headed hydra bites your killer bee!
The seven-headed hydra barely misses your killer bee.
The seven-headed hydra bites your killer bee!
Your killer bee dies!
Your killer bee's corpse disappears in a puff of smoke!
You start resting.
A seven-headed hydra is nearby!
You regained 3 hp, and now have 47/67 hp.
Unknown command.

...........#.#.......##.######.#
.......#...#.#..##...#.........#
...........#.........#..########
.......##..#.........#........#
....#......#...#..#.##...####.#
....#......#......# ##......#
....#..........##.#.#.......#
....#...............#...#####.#
#####.......D...@..##.........#
##########.#.............######
...# ......####.#.....########
...# ...........................
......................#..####....
....##................#..# #....
....##.............#..#..# ##...
.........#............#..# ###.
.... .....#.##..# #.


You could see a seven-headed hydra.

Vanquished Creatures
  Prince Ribbit (D:5)
  A water moccasin (D:6)
  A black bear (D:6)
  A phantom (D:6)
  A kobold brigand (D:6)
  A gnoll sergeant (D:6)
  A water moccasin zombie (D:5)
  A scorpion (D:6)
  2 centaur zombies
  2 jellies
  A bullfrog skeleton (D:6)
  6 hounds
  5 iguanas
  2 hound skeletons (D:4)
  2 mummies (Ossuary)
  4 gnolls
  A howler monkey skeleton (D:6)
  4 adders
  2 shadow imps
  An ufetubus (D:6)
  An adder zombie (Ossuary)
  An adder skeleton (D:2)
  A worm (D:2)
  4 dart slugs
  10 orcs
  8 ball pythons
  3 endoplasms
  3 giant cockroaches (D:1)
  5 gnoll zombies
  13 goblins
  20 hobgoblins
  4 jackals
  4 quokkas
  6 bats
  3 frilled lizards
  9 hobgoblin zombies
  A jackal zombie (D:6)
  19 kobolds
  5 kobold zombies (Ossuary)
  4 orc zombies (Ossuary)
  8 rats
172 creatures vanquished.

Vanquished Creatures (collateral kills)
  A centaur (D:6)
  A phantom (D:4)
2 creatures vanquished.

Vanquished Creatures (others)
  A plant (D:5)
1 creature vanquished.

Grand Total: 175 creatures vanquished

Notes
Turn   | Place    | Note
-------+----------+-------------------------------------------
     0 | D:1      | friend the Merfolk Brigand began the quest for the Orb.
     0 | D:1      | Reached XP level 1. HP: 16/16 MP: 1/1
   182 | D:1      | Reached XP level 2. HP: 21/22 MP: 2/2
   676 | D:1      | Found a faded altar of an unknown god.
   777 | D:1      | Reached XP level 3. HP: 21/28 MP: 3/3
  1437 | D:2      | You fall into a shaft and drop 1 floor!
  1672 | D:3      | Reached XP level 4. HP: 35/35 MP: 4/4
  3600 | D:4      | Found a staircase to the Ecumenical Temple.
  3607 | Temple   | Entered the Ecumenical Temple
  3817 | Temple   | Became a worshipper of Nemelex Xobeh the Trickster
  3899 | D:4      | Found a blossoming altar of Fedhas.
  3928 | D:4      | Reached XP level 5. HP: 42/42 MP: 5/5
  3964 | D:4      | Found Vakarepp's Book Shoppe.
  4296 | D:4      | Reached * piety under Nemelex Xobeh
  4301 | D:4      | Found a bloodstained altar of Trog.
  4442 | D:4      | Received a gift from Nemelex Xobeh
  4464 | D:4      | Found a shimmering blue altar of Sif Muna.
  4957 | D:5      | Entered Level 5 of the Dungeon
  4957 | D:5      | Noticed Prince Ribbit
  4981 | D:5      | Killed Prince Ribbit
  4982 | D:5      | Reached skill level 5 in Fighting
  4982 | D:5      | Reached XP level 6. HP: 31/51 MP: 5/8
  5263 | D:4      | Reached XP level 7. HP: 15/56 MP: 8/10
  6017 | D:5      | Reached ** piety under Nemelex Xobeh
  6349 | D:5      | Reached skill level 1 in Polearms
  6773 | D:5      | Reached skill level 2 in Polearms
  6917 | D:6      | Found a sand-covered staircase.
  6939 | Ossuary  | Entered an ossuary
  7070 | Ossuary  | Reached skill level 3 in Polearms
  7238 | D:6      | Reached XP level 8. HP: 59/67 MP: 11/11
  7294 | D:6      | Reached skill level 4 in Polearms
  7328 | D:6      | Reached skill level 5 in Polearms
  7541 | D:6      | Reached skill level 6 in Polearms
  7850 | D:6      | Reached skill level 7 in Polearms
  8066 | D:6      | Reached skill level 8 in Polearms
  8347 | D:6      | Reached skill level 9 in Polearms
  8850 | D:6      | Noticed a seven-headed hydra
  8864 | D:6      | Identified the +1 long sword "Arcanum" {vamp, rElec rN+
                  | Str-4 Dex+9}
  8873 | D:6      | Reached skill level 10 in Polearms
  8914 | D:6      | Quit the game

Illustrated notes

Levels and vault maps discovered:
D:1:      nicolae_arrival_somewhat_less_tricky_arrival, layout_rooms,
          dilly_ecumenical_altar_fadedgnrine
D:2:      layout_loops_corners, hangedman_decor_push
D:3:      layout_basic, st_stairs_12
D:4:      layout_basic, overflow_temple_1_default,
          mainiacjoe_overflow_concentric_impassable,
          mainiacjoe_overflow_alcove_1, minmay_temple_entry_sparse_star,
          serial_shops, nicolae_stop_n_shop_2
D:5:      corexii_shantytown, layout_cave_pools, nrook_loot_triangle,
          uniq_prince_ribbit1
D:6:      layout_basic, enter_ossuary_3, minmay_chambers_of_fives
Temple:   dpeg_five_rooms_temple

Skill      XL: |  1  2  3  4  5  6  7  8 |
---------------+-------------------------+-----
Short Blades   | 3 4 |  4.0
Throwing       | 3 |  3.0
Fighting       | 3 5 7 |  7.2
Dodging        | 2 3 |  3.0
Invocations    | 3 4 |  4.0
Polearms       | 3 10 | 10.0
Stealth        | |  4.3

Action                   |  1- 3 |  4- 6 |  7- 9 || total
-------------------------+-------+-------+-------++-------
Melee: Dagger            |   134 |   183 |   377 ||   694
       Halberd           |       |       |    84 ||    84
Throw: Dart              |       |    23 |    25 ||    48
Invok: Draw Destruction  |       |     4 |       ||     4
       Draw Summoning    |       |     1 |     4 ||     5
  Use: Scroll            |       |     5 |    11 ||    16
       Potion            |       |       |     1 ||     1
 Stab: Sleeping          |     5 |    10 |    17 ||    32
       Distracted        |     1 |       |       ||     1
Armor: Robe              |    33 |    17 |       ||    50
       Leather armour    |       |    17 |    63 ||    80
       Ring mail         |       |       |    92 ||    92
Dodge: Dodged            |    75 |    97 |   213 ||   385
Block: Buckler           |       |       |    16 ||    16

Table legend: (Time is in decaauts)
 A = Elapsed time spent in this place.
 B = Non-inter-level travel time spent in this place.
 C = Inter-level travel time spent in this place.
 D = Time resting spent in this place.
 E = Time spent auto-exploring this place.
 F = Levels seen in this place.
 G = Mean time per level.
                   A        B        C        D        E       F      G
               +--------+--------+--------+--------+--------+-----+--------+
         Total |   8805 |   8591 |    214 |   1189 |   5616 |   8 | 1100.6 |
       Dungeon |   8296 |   8131 |    165 |   1189 |   5308 |   6 | 1382.7 |
        Temple |    259 |    210 |     49 |      0 |    191 |   1 |  259.0 |
       Ossuary |    249 |    249 |      0 |      0 |    117 |   1 |  249.0 |
               +--------+--------+--------+--------+--------+-----+--------+

Top non-repeatable levels by time:
     D:6: 1807 daAuts
     D:5: 1574 daAuts
     D:4: 1351 daAuts
     D:1: 1265 daAuts
     D:3: 1223 daAuts
     D:2: 1073 daAuts
  Temple: 259 daAuts
 Ossuary: 249 daAuts
